 Dungeon Crawl Stone Soup version 0.25-a0-194-gece12570e2 (webtiles) character file.

Game seed: 7878027467191184811, levelgen mode: deterministic

37772 Nierin the Fighter (level 13, -9/85 HPs)
             Began as a Minotaur Berserker on Nov 30, 2019.
             Was a High Priest of Trog.
             Killed from afar by a purple draconian scorcher (17 damage)
             ... with damnation
             ... on level 2 of the Abyss.
             The game lasted 01:52:52 (15021 turns).

Nierin the Fighter (Minotaur Berserker)            Turns: 15021, Time: 01:52:52

Health: -9/85      AC: 26    Str: 22 (23) XL:     13   Next: 60%
Magic:  12/12      EV: 13    Int:  6      God:    Trog [*****.]
Gold:   944        SH:  0    Dex: 15 (16) Spells: 12/12 levels left

rFire    + . .     SeeInvis +   Y - +5 battleaxe (venom)
rCold    . . .     Gourm    .   (shield currently unavailable)
rNeg     . . .     Faith    +   H - +3 plate armour {rF+}
rPois    .         Spirit   .   q - +2 hat
rElec    .         Reflect  .   T - +1 cloak
rCorr    .         Harm     .   b - +0 pair of gloves
MR       .....     Rnd*Rage +   i - +0 pair of boots Stlth ..........Rnd*Tele +
                                F - amulet of faith
HPRegen  0.24/turn              N - +5 ring of slaying
MPRegen  0.13/turn              D - ring of see invisible

@: berserk cooldown, slowed, very slow
A: retaliatory headbutt, horns 2, thin skeletal structure 1, camouflage 1,
berserk 1, blink, [blurry vision 3], clever 1, deterioration 1, [frail 3],
[screaming 2], teleportitis 1
a: Blink, Berserk, Trog's Hand, Brothers in Arms, Renounce Religion


You were on level 2 of the Abyss.
You worshipped Trog.
Trog was extremely pleased with you.
You were hungry.

You visited 1 branch of the dungeon, and saw 14 of its levels.
You visited the Abyss 1 time.
You visited 1 bazaar.

You collected 1038 gold pieces.
You spent 94 gold pieces at shops.

Inventory:

Hand Weapons
 a - a +2 antimagic battleaxe
 s - a +1 war axe of chopping
 u - a +3 flail of protection
 Y - a +5 battleaxe of venom (weapon)
Missiles
 r - 4 throwing nets (quivered)
Armour
 b - a +0 pair of gloves (worn)
 i - a +0 pair of boots (worn)
 q - a +2 hat (worn)
 w - a scarf of spirit shield
 H - a +3 plate armour of fire resistance (worn)
 K - a +0 buckler
 S - a scarf of spirit shield
 T - a +1 cloak (worn)
Jewellery
 y - a +3 ring of intelligence
 C - an uncursed ring of fire
 D - a ring of see invisible (right hand)
 F - an amulet of faith (around neck)
 L - an uncursed ring of flight
 N - a +5 ring of slaying (left hand)
 O - an uncursed ring of protection from cold
 W - an uncursed ring of flight
Wands
 v - a wand of acid (7)
 M - a wand of paralysis (6)
 P - a wand of polymorph (4)
Scrolls
 f - 2 scrolls of immolation
 m - 4 scrolls of enchant weapon
 o - 6 scrolls of remove curse
 p - a scroll of fear
 z - 2 scrolls of magic mapping
 G - 2 scrolls of vulnerability
 I - a scroll of noise
 J - a scroll of fog
Potions
 d - a potion of resistance
 e - 2 potions of magic
 g - 2 potions of invisibility
 h - 3 potions of mutation
 j - a potion of lignification
 l - 2 potions of curing
 n - 3 potions of brilliance
 t - a potion of degeneration
 A - 5 potions of flight
 B - a potion of agility
 Q - a potion of might
 V - a potion of haste
Miscellaneous
 x - a phial of floods (inert)
Comestibles
 c - 19 rations


   Skills:
 + Level 13.4 Fighting
 + Level 13.3(13.4) Axes
 - Level 3.2(9.4) Maces & Flails
 + Level 13.1 Armour
 + Level 12.2 Dodging
 + Level 9.7 Shields


You had 12 spell levels left.
You didn't know any spells.
Your spell library was empty.

Dungeon Overview and Level Annotations

Branches:
Dungeon (14/15)            Temple (0/1) D:4            Lair (0/6) D:9
    Orc (0/2) D:10
 Vaults: D:13-14

Altars:
Ashenzari
Cheibriados
Dithmenos
Elyvilon
Hepliaklqana
Nemelex Xobeh
Okawaru
Ru
Sif Muna
Trog
Vehumet
Yredelemnul
The Shining One
Beogh

Annotations:
D:13 4 runed translucent doors


Innate Abilities, Weirdness & Mutations

You reflexively headbutt those who attack you in melee.
You have a pair of horns on your head.
You have a somewhat thin skeletal structure. (Dex +2, Stealth)
Your skin changes colour to match your surroundings (Stealth+).
You tend to lose your temper in combat.
You can translocate small distances at will.
Your mind is acute. (Int +2)
Your body sometimes deteriorates upon taking damage.
You are occasionally teleported next to monsters.
[Scrolls take you much longer to read.]
[You are extremely frail. (-30% HP)]
[You sometimes yell uncontrollably at your foes.]


Message History

The hell hog splashes around in the water.
Your water elemental barely misses the hell hog.
The hell hog barely misses your water elemental.
The hell hog completely misses your water elemental.
Your water elemental hits the hell hog.
Your water elemental engulfs the hell hog in water!
The hell hog splashes around in the water.
The hell hog bites your water elemental!
Things that are here:
an apocalypse crab corpse x2
Your ogre goes berserk!
You are feeling hungry.
The hell hog bites your water elemental but does no damage.
The hell hog bites your water elemental!
Your water elemental is destroyed!
The ynoxinul gestures.
You swap places.
The purple draconian scorcher points at you and mumbles some strange words.
The sphere of damnation explodes!
The damnation engulfs you!
You die...

### #.# . #†#
#@# # #†# #.
#O# #.
#_#.###h#
......h5###.#
... .≈.*3555#
. .. ##q###3#
#.. ##5# #
... . .... #
#


You could see a purple draconian scorcher, a wretched star, 2 hell hogs, a
ynoxinul, 2 ufetubi and a friendly ogre (berserk).

Vanquished Creatures
  A lich (Abyss:2)
  A hydra (D:14)
  Erolcha (D:12)
  Harold (D:8)
  3 two-headed ogres
  2 centaur warriors (D:14)
  2 hell hogs (Abyss:2)
  Urug (D:11)
  A titan skeleton (Abyss:2)
  A sixfirhy (Abyss:2)
  2 unseen horrors
  A glowing orange brain (shapeshifter) (D:13)
  Pikel (D:6)
  A swamp dragon (shapeshifter) (D:13)
  A deep elf mage (D:12)
  A manticore (D:12)
  3 cyclopes
  Maurice (D:11)
  2 large abominations (Abyss:2)
  2 komodo dragons
  A kobold demonologist (D:14)
  An efreet (D:14)
  A queen bee (shapeshifter) (D:14)
  2 trolls
  Prince Ribbit (D:6)
  9 slime creatures
  7 raiju (Abyss:2)
  4 hippogriffs
  Sigmund (D:3)
  A ynoxinul (Abyss:2)
  A vampire (D:12)
  2 shadows
  A small abomination (Abyss:2)
  5 wyverns
  6 yaks (D:10)
  A wraith (D:13)
  Eustachio (D:6)
  3 basilisks
  A chaos spawn (Abyss:2)
  3 hungry ghosts
  A steam dragon (D:9)
  2 soldier ants (D:10)
  An acid dragon (D:12)
  Edmund (D:4)
  An eye of draining (D:8)
  7 orc warriors
  4 ice beasts
  2 phantoms
  A black bear (D:11)
  7 sky beasts
  2 necrophages
  A slave (D:6)
  5 ogres
  4 centaurs
  A big kobold (D:12)
  7 bullfrogs
  A wyvern skeleton (D:13)
  5 scorpions
  3 killer bees (D:10)
  5 electric eels (D:7)
  3 howler monkeys
  6 crimson imps
  5 bullfrog zombies
  4 centaur zombies
  7 hounds
  4 jellies
  A gnoll shaman (D:8)
  10 orc priests
  17 orc wizards
  Crazy Yiuf (D:4)
  5 centaur skeletons
  4 iguanas
  9 worker ants
  A hound skeleton (D:6)
  2 hound zombies
  17 adders
  10 gnolls
  A howler monkey skeleton (D:6)
  5 shadow imps
  An ufetubus (Abyss:2)
  3 oozes
  2 adder skeletons
  4 worms
  2 dart slugs
  4 leopard geckos
  61 orcs
  9 giant cockroaches
  9 goblins
  5 hobgoblins
  19 jackals
  9 kobolds
  7 quokkas
  3 ball pythons
  7 bats
  7 frilled lizards
  5 rats
  A plant (D:7)
412 creatures vanquished.

Vanquished Creatures (collateral kills)
  3 tentacled starspawn (Abyss:2)
  A deep elf elementalist (Abyss:2)
  A thrashing horror (Abyss:2)
  A worldbinder (Abyss:2)
  A large abomination (Abyss:2)
  2 apocalypse crabs (Abyss:2)
  A centaur skeleton (D:13)
  An ice devil (Abyss:2)
  A raiju (Abyss:2)
  A ynoxinul (Abyss:2)
  A hungry ghost (D:13)
  A neqoxec (Abyss:2)
  A big kobold (D:13)
  A bullfrog skeleton (D:13)
  An orc wizard (D:13)
  An orc (D:13)
  2 kobolds (D:13)
  A starspawn tentacle (Abyss:2)
22 creatures vanquished.

Vanquished Creatures (others)
  An ice beast (D:6)
  A worker ant (D:6)
  7 starspawn tentacles (Abyss:2)
9 creatures vanquished.

Grand Total: 443 creatures vanquished

Notes
Turn   | Place    | Note
-------+----------+-------------------------------------------
     0 | D:1      | Nierin the Minotaur Berserker began the quest for the Orb.
     0 | D:1      | Reached XP level 1. HP: 19/19 MP: 0/0
   190 | D:1      | Reached XP level 2. HP: 24/27 MP: 1/1
   646 | D:1      | Reached XP level 3. HP: 33/33 MP: 2/2
   966 | D:2      | Reached ** piety under Trog
  1034 | D:2      | You fall into a shaft and drop 2 floors!
  1188 | D:4      | Reached XP level 4. HP: 41/41 MP: 3/3
  1244 | D:3      | Noticed Sigmund
  1510 | D:4      | Noticed a phantom
  1563 | D:4      | Killed a phantom
  1563 | D:4      | Reached XP level 5. HP: 16/47 MP: 4/4
  1682 | D:4      | Found a staircase to the Ecumenical Temple.
  1837 | D:4      | Noticed Edmund
  1852 | D:4      | Killed Edmund
  1852 | D:4      | Reached skill level 5 in Fighting
  1852 | D:4      | Reached skill level 5 in Axes
  1852 | D:4      | Reached XP level 6. HP: 56/56 MP: 5/5
  2045 | D:4      | Found a runed translucent door.
  2046 | D:4      | Noticed Crazy Yiuf
  2092 | D:4      | Killed Crazy Yiuf
  2469 | D:3      | Found an iron altar of Okawaru.
  2470 | D:3      | Found a hazy altar of Hepliaklqana.
  2471 | D:3      | Found a glowing golden altar of the Shining One.
  2477 | D:3      | Found a transporter.
  2492 | D:3      | Found a transporter.
  2514 | D:3      | Reached skill level 1 in Maces & Flails
  2667 | D:3      | Killed Sigmund
  2667 | D:3      | Reached XP level 7. HP: 55/62 MP: 6/6
  2857 | D:3      | Reached *** piety under Trog
  3036 | D:3      | Reached skill level 5 in Armour
  3471 | D:5      | Entered Level 5 of the Dungeon
  3517 | D:5      | Found a shattered altar of Ashenzari.
  3942 | D:5      | Found a sparkling altar of Nemelex Xobeh.
  4284 | D:6      | Noticed Pikel
  4296 | D:6      | Reached skill level 5 in Dodging
  4301 | D:6      | Killed Pikel
  4301 | D:6      | Reached XP level 8. HP: 40/73 MP: 7/7
  4562 | D:6      | Noticed Prince Ribbit
  4572 | D:6      | Killed Prince Ribbit
  4835 | D:6      | Noticed a two-headed ogre
  4889 | D:6      | Noticed Eustachio
  4897 | D:6      | Killed Eustachio
  4986 | D:6      | Found a basalt altar of Yredelemnul.
  5063 | D:6      | Found a white marble altar of Elyvilon.
  5127 | D:6      | Reached XP level 9. HP: 81/81 MP: 8/8
  5501 | D:7      | Found a bloodstained altar of Trog.
  5502 | D:7      | Found a snail-covered altar of Cheibriados.
  5510 | D:7      | Found a shimmering blue altar of Sif Muna.
  5510 | D:7      | Found a sacrificial altar of Ru.
  5519 | D:7      | Reached **** piety under Trog
  5768 | D:7      | Found a shadowy altar of Dithmenos.
  6582 | D:7      | Reached ***** piety under Trog
  7261 | D:8      | Reached XP level 10. HP: 86/91 MP: 9/9
  7381 | D:8      | Noticed Harold
  7397 | D:8      | Killed Harold
  7443 | D:8      | Noticed a two-headed ogre
  7449 | D:8      | Killed a two-headed ogre
  7449 | D:8      | Reached skill level 10 in Fighting
  7822 | D:9      | Reached skill level 10 in Axes
  8034 | D:9      | Reached skill level 1 in Shields
  8048 | D:9      | Found a radiant altar of Vehumet.
  8191 | D:9      | Noticed a two-headed ogre
  8201 | D:9      | Killed a two-headed ogre
  8552 | D:9      | Reached skill level 10 in Armour
  8968 | D:9      | Reached XP level 11. HP: 101/101 MP: 10/10
  8979 | D:9      | Found a staircase to the Lair.
  9151 | D:9      | Gained mutation: Your skin changes colour to match your
                  | surroundings (Stealth+). [potion of mutation]
  9151 | D:9      | Gained mutation: You have a somewhat thin skeletal
                  | structure. (Dex +2, Stealth) [potion of mutation]
  9151 | D:9      | Gained mutation: Your mind is acute. (Int +2) [potion of
                  | mutation]
  9151 | D:9      | Gained mutation: You can translocate small distances at
                  | will. [potion of mutation]
  9178 | D:10     | Entered Level 10 of the Dungeon
  9509 | D:10     | Found a staircase to the Orcish Mines.
  9923 | D:10     | Noticed an unseen horror
  9930 | D:10     | Killed an unseen horror
 10370 | D:10     | Found a roughly hewn altar of Beogh.
 10378 | D:10     | Reached skill level 10 in Dodging
 10387 | D:10     | Reached ****** piety under Trog
 10644 | D:11     | Reached skill level 5 in Shields
 10647 | D:11     | Received a gift from Trog
 10699 | D:11     | Noticed an unseen horror
 10716 | D:11     | Killed an unseen horror
 10961 | D:11     | Noticed Urug
 10976 | D:11     | Killed Urug
 11010 | D:11     | Noticed Maurice
 11020 | D:11     | Killed Maurice
 11431 | D:12     | Noticed a two-headed ogre
 11435 | D:12     | Killed a two-headed ogre
 11467 | D:12     | Noticed Erolcha
 11474 | D:12     | Killed Erolcha
 11474 | D:12     | Reached XP level 12. HP: 108/111 MP: 3/11
 11742 | D:12     | Found a flickering gateway to a bazaar.
 11760 | Bazaar   | Entered a bazaar
 12022 | Bazaar   | Found Hullimae's Distillery.
 12040 | Bazaar   | Found Wyorogiz's Gadget Shoppe.
 12057 | Bazaar   | Found Ceklug's Assorted Antiques.
 12074 | Bazaar   | Found Cuser's Gadget Emporium.
 12156 | Bazaar   | Bought a scroll of magic mapping for 94 gold pieces
 13122 | D:13     | Received a gift from Trog
 13281 | D:13     | Noticed an eight-headed hydra
 13663 | D:13     | Found a white marble altar of Elyvilon.
 13663 | D:13     | Noticed a daeva
 13672 | D:13     | Found a runed translucent door.
 14065 | D:13     | Found a runed translucent gate.
 14066 | D:13     | Found a runed translucent gate.
 14067 | D:13     | Found a runed translucent gate.
 14067 | D:13     | Noticed a red very ugly thing
 14324 | D:14     | Noticed a seven-headed hydra
 14329 | D:14     | Noticed a centaur warrior
 14330 | D:14     | Killed a seven-headed hydra
 14338 | D:14     | Killed a centaur warrior
 14539 | D:14     | Noticed a centaur warrior
 14559 | D:14     | Killed a centaur warrior
 14635 | D:14     | Received a gift from Trog
 14680 | D:14     | Reached XP level 13. HP: 119/119 MP: 12/12
 14691 | D:14     | Cast into level 2 of the Abyss (a wizard)
 14746 | Abyss:2  | Found a corrupted altar of Lugonu.
 14896 | Abyss:2  | Gained mutation: You are occasionally teleported next to
                  | monsters. [a neqoxec]
 14896 | Abyss:2  | Noticed a tentacled starspawn
 14899 | Abyss:2  | Gained mutation: Your body sometimes deteriorates upon
                  | taking damage. [a neqoxec]
 14929 | Abyss:2  | Killed a tentacled starspawn
 14930 | Abyss:2  | Noticed a deep elf elementalist
 14939 | Abyss:2  | Gained mutation: You tend to lose your temper in combat. [a
                  | neqoxec]
 14941 | Abyss:2  | Noticed a tentacled starspawn
 14943 | Abyss:2  | Found a corrupted altar of Lugonu.
 14958 | Abyss:2  | Killed a tentacled starspawn
 14972 | Abyss:2  | Noticed a tentacled starspawn
 14974 | Abyss:2  | Killed a tentacled starspawn
 14978 | Abyss:2  | Killed a deep elf elementalist
 15003 | Abyss:2  | Noticed a lich
 15006 | Abyss:2  | Noticed a reaper
 15011 | Abyss:2  | Killed a lich
 15012 | Abyss:2  | Noticed a purple draconian scorcher
 15021 | Abyss:2  | Killed from afar by a purple draconian scorcher

Levels and vault maps discovered:
D:1:      lemuel_arrival_rhombus, layout_basic, minmay_misc_feat_secret_circle,
          st_stairs_14
D:2:      cheibrodos_old_hovel, layout_rooms, first_ration
D:3:      layout_loops_ring, gammafunk_temple_overflow_arena, uniq_sigmund
D:4:      layout_loops_ring, minmay_temple_entry_statues_pillars,
          serial_bayou_pond_d, uniq_edmund, uniq_crazy_yiuf_cottage
D:5:      layout_loops_corners, nemelex_xobeh_ov_fountains_minmay,
          ashenzari_altar_1, grunt_ministairs_7
D:6:      layout_gridville, kennysheep_ying_yang, lightli_corner_chamber,
          uniq_pikel, uniq_prince_ribbit1, uniq_eustachio
D:7:      layout_gridville, grunt_temple_overflow_open, serial_bayou,
          serial_bayou_shore_b, serial_bayou_shore_b, serial_bayou_ford_a,
          serial_bayou_lagoon_a, serial_bayou_crossing, serial_bayou_pond_a,
          basic_altar
D:8:      layout_basic, uniq_harold
D:9:      layout_gridville, old_standard_altar, erik_lair_dragon
D:10:     layout_loops_ring, minmay_orc_entry_temple_small,
          hangedman_pestilent_swarm
D:11:     layout_basic, chequers_serial_rivers_large_b, uniq_maurice, uniq_urug
D:12:     layout_roguey, serial_shops, bzr_entry_islet, uniq_erolcha
D:13:     layout_basic, ploomutoo_gammafunk_ghost_potion_laboratory,
          lemuel_angel_altar
D:14:     layout_roguey, david_vaults_4, lemuel_tele_altar
Abyss:2:  base: D:8, base:
D:8

Skill      XL: |  1  2  3  4  5  6  7  8  9 10 11 12 13 |
---------------+----------------------------------------+-----
Fighting       | 4 5 7 9 10 11 12 13 | 13.4
Axes           | 4 5 6 7 9 10 11 12 13 | 13.3
Armour         | 3 4 6 7 8 10 11 12 13 | 13.1
Dodging        | 3 4 5 6 8 9 10 11 12 | 12.2
Maces & Flails | 2 3 |  3.2
Shields        | 3 6 8 9 |  9.7

Action                   |  1- 3 |  4- 6 |  7- 9 | 10-12 | 13-15 || total
-------------------------+-------+-------+-------+-------+-------++-------
Melee: Hand axe          |    81 |    48 |       |       |       ||   129
       Headbutt          |    14 |    18 |    43 |   170 |    18 ||   263
       Flail             |       |    70 |   290 |   377 |       ||   737
       Battleaxe         |       |       |       |   228 |    55 ||   283
Throw: Throwing net      |       |       |       |       |     1 ||     1
Invok: Berserk           |     1 |     4 |     9 |    11 |     2 ||    27
       Trog's Hand       |       |     3 |     1 |     7 |     4 ||    15
       Brothers in Arms  |       |       |       |     1 |     5 ||     6
 Abil: Blink             |       |       |       |     3 |     2 ||     5
Evoke: Wand              |       |       |     1 |     1 |       ||     2
       Phial of floods   |       |       |       |       |     1 ||     1
  Use: Scroll            |       |       |     9 |     8 |     6 ||    23
       Potion            |       |       |       |     9 |     6 ||    15
  Eat: Chunk             |     1 |     5 |    19 |    24 |     2 ||    51
       Ration            |       |     1 |     2 |     5 |     1 ||     9
Armor: Animal skin       |     4 |       |       |       |       ||     4
       Ring mail         |    33 |    19 |       |       |       ||    52
       Scale mail        |       |    38 |    18 |       |       ||    56
       Plate armour      |       |       |   151 |   289 |    41 ||   481
       Skin              |       |       |       |    14 |       ||    14
Dodge: Dodged            |    43 |    74 |   149 |   314 |    55 ||   635
Block: Buckler           |       |       |       |    66 |       ||    66

Table legend:
 A = Non-vault XP
 B = Vault XP
 C = Vault XP percentage of total XP
 D = Non-vault monster count
 E = Vault monster count
 F = Vault count percentage of total count
                 A         B        C        D         E       F
            +---------+---------+-------+---------+---------+-------
      Total |   46474 |    7486 |  13.9 |     391 |      40 |   9.3
            +---------+---------+-------+---------+---------+-------
        D:1 |      43 |       1 |   2.3 |      21 |       1 |   4.5
        D:2 |      20 |       1 |   4.8 |      10 |       1 |   9.1
        D:3 |      93 |     331 |  78.1 |      36 |       5 |  12.2
        D:4 |     214 |     188 |  46.8 |      11 |       2 |  15.4
        D:5 |     175 |       0 |   0.0 |      11 |       0 |   0.0
        D:6 |     777 |    1164 |  60.0 |      16 |       3 |  15.8
        D:7 |    1762 |       0 |   0.0 |      40 |       0 |   0.0
        D:8 |    2251 |     970 |  30.1 |      27 |       1 |   3.6
        D:9 |    2109 |    1395 |  39.8 |      26 |       7 |  21.2
       D:10 |    3743 |     835 |  18.2 |      40 |      16 |  28.6
       D:11 |    1566 |    1316 |  45.7 |      24 |       2 |   7.7
       D:12 |    7536 |     973 |  11.4 |      42 |       1 |   2.3
       D:13 |    4148 |       0 |   0.0 |      38 |       0 |   0.0
       D:14 |    6719 |     312 |   4.4 |      18 |       1 |   5.3
    Abyss:2 |   15318 |       0 |   0.0 |      31 |       0 |   0.0
            +---------+---------+-------+---------+---------+-------
